AoeStats
← Ok Boomer

Nomad

509710334Analyzed
2v2 RM · 6d ago on Sep 27, 2026· 57m 32s· 4 players
Game mode
Random Map
Map size
176×176
Population
200
Speed
Normal
Resources
Standard
Victory
Conquest
Starting age
Dark Age
Ending age
Imperial Age
RankedLock teamsTeams togetherTeam positionsShared explorationLock speedFull tech treeHidden civsTurbo modeCheats
Victory
Defeat
🇨🇭 Wu · Switzerland
1353
+16
🇨🇭 Varangians · Switzerland
1352
+16
🇱🇹 Mongols · Lithuania
1452
-20
🇱🇹 Ethiopians · Lithuania
1262
-12
Ok Boomer
4:57 Loom
12:24 Feudal Age
13:28 Double-Bit Axe
17:54 Castle Age
16:18 Scale Barding Armor
17:04 Fishing Lines
18:09 Forging
18:31 Horse Collar
21:30 Chain Barding Armor
23:56 Fletching
25:49 Wheelbarrow
32:07 Gillnets
35:27 Bow Saw
37:00 Hand Cart
37:46 Bloodlines
37:37 Husbandry
39:50 Iron Casting
42:29 Imperial Age
39:53 Vendel Legacy
42:31 Cavalier
45:27 Plate Barding Armor
48:16 Conscription
53:43 Gold Mining
53:59 Bodkin Arrow
57:31 Siege Engineers
58:27 Chemistry
BETTERGETLOOM
5:28 Loom
12:36 Feudal Age
17:03 Castle Age
14:52 Double-Bit Axe
16:04 Scale Mail Armor
15:59 Gold Mining
17:33 Forging
18:23 Chain Mail Armor
19:28 Squires
19:41 Horse Collar
20:29 Arson
21:29 Fishing Lines
22:07 Bow Saw
26:18 Gillnets
27:07 Stone Mining
27:58 Wheelbarrow
28:19 Padded Archer Armor
28:15 Fletching
28:02 Elite Skirmisher
30:14 Iron Casting
30:24 Pikeman
32:29 Bodkin Arrow
34:44 Heavy Plow
36:51 Leather Archer Armor
40:41 Imperial Age
43:06 Gold Shaft Mining
46:07 Ballistics
46:48 Chemistry
45:50 Bracer
46:21 Plate Mail Armor
55:29 Murder Holes
tiesiogsaras
4:48 Loom
13:43 Feudal Age
14:51 Double-Bit Axe
17:41 Castle Age
16:03 Gold Mining
17:50 Fletching
18:51 Bow Saw
19:44 Bodkin Arrow
21:04 Bloodlines
22:49 Padded Archer Armor
25:04 Ballistics
31:03 Wheelbarrow
31:40 Leather Archer Armor
33:44 Elite Skirmisher
33:44 Crossbowman
34:33 Thumb Ring
41:04 Imperial Age
39:55 Coinage
40:31 Nomads
41:47 Bracer
41:50 Husbandry
42:54 Chemistry
41:52 Light Cavalry
42:06 Heavy Cavalry Archer
45:23 Scale Barding Armor
46:49 Hoardings
47:24 Chain Barding Armor
49:04 Forging
51:45 Masonry
51:43 Murder Holes
55:15 Hoardings
55:17 Hand Cart
54:47 Town Watch
55:02 Capped Ram
Erranth
13:47 Feudal Age
12:26 Loom
14:38 Double-Bit Axe
17:37 Castle Age
17:49 Crossbowman
18:28 Fletching
19:31 Bodkin Arrow
33:48 Stone Mining
35:16 Horse Collar
36:05 Man-at-Arms
38:05 Bow Saw
40:17 Forging
41:47 Wheelbarrow
44:03 Gold Mining
45:32 Gold Shaft Mining
45:56 Ballistics
48:51 Imperial Age
46:36 Scale Mail Armor
48:31 Chain Mail Armor
48:54 Iron Casting
49:27 Thumb Ring
49:53 Conscription
48:54 Elite Shotel Warrior
49:40 Arbalester
51:10 Bracer
52:46 Chemistry
Connection lost

Rejoining the realm…

Still unreachable

The connection could not be restored.

Session expired

The server has moved on; the page needs a fresh start.